 Dungeon Crawl Stone Soup version 0.15.2 (webtiles) character file.

8691 Miyamura the Martial Artist (level 11, -6/108 (114) HPs)
             Began as a Mottled Draconian Transmuter on Dec 14, 2014.
             Was an Initiate of Makhleb.
             Mangled by a six-headed hydra (14 damage)
             ... on Level 1 of the Lair of Beasts.
             The game lasted 00:53:05 (18120 turns).

Miyamura the Martial Artist (DrTm)                 Turns: 18120, Time: 00:53:05

HP  -6/108 (114) AC  9     Str 13      XL: 11   Next: 13%
MP  26/27        EV 13     Int 14      God: Makhleb [......]
Gold 523         SH  0     Dex 14      Spells:  4 memorised, 12 levels left

rFire  x . .     SeeInvis .       - Unarmed
rCold  + + +     Clarity  .     (armour unavailable)
rNeg   + . .     rCorr    .     (shield currently unavailable)
rPois  +         rRot     .     (helmet currently unavailable)
rElec  .         Spirit   .     g - melded +1 cloak
SustAb .         Warding  .     (gloves currently unavailable)
rMut   .         Stasis   .     H - melded +0 pair of boots
Gourm  .                        (no amulet)
MR     .....                    p - ring of positive energy
                                i - +3 ring of protection

@: ice-form, not resistant to hostile enchantments, unstealthy
A: (breathe sticky flames), unfitting armour, (cold-blooded), AC +7
a: End Transformation, Renounce Religion


You were on level 1 of the Lair of Beasts.
You worshipped Makhleb.
Makhleb was noncommittal.
You were hungry.
You were a creature of crystalline ice.
You visited 3 branches of the dungeon, and saw 12 of its levels.
You also visited: Sewer.

You collected 523 gold pieces.

Inventory:

Hand weapons
 o - a +1 dagger of venom
Armour
 f - a +1 buckler of fire resistance
 g - a +1 cloak (melded)
 H - a +0 pair of boots (melded)
Magical devices
 e - a wand of slowing (11)
 h - a wand of confusion (9)
 v - a wand of teleportation (2)
 x - a wand of digging (14)
 y - a wand of random effects (6)
Comestibles
 a - 7 bread rations
 t - 2 slices of pizza
 F - 3 fruits
 G - 2 beef jerkies
Scrolls
 k - 4 scrolls of remove curse
 l - 2 scrolls of noise {unknown}
 n - 4 scrolls of identify
 q - 4 scrolls of enchant armour {unknown}
 u - a scroll of fog
 w - a scroll of recharging
 A - 4 scrolls of magic mapping
Jewellery
 c - an uncursed ring of positive energy
 i - a +3 ring of protection (left paw)
 p - a ring of positive energy (right paw)
 D - an uncursed amulet of warding {unknown}
Potions
 b - 2 potions of confusion {unknown}
 m - a potion of might
 s - a potion of curing
 z - 2 potions of magic
 B - 2 potions of cure mutation {unknown}
 C - 2 potions of brilliance {unknown}
Books
 d - a book of Changes

   Spells                             Type                      Level
   *Beastly Appendage                 Transmutation                1
   Sticks to Snakes                   Transmutation                2
   *Spider Form                       Transmutation/Poison         3
   *Ice Form                          Ice/Transmutation            4
   *Blade Hands                       Transmutation                5
 r - a book of Envenomations

   Spells                             Type                      Level
   *Spider Form                       Transmutation/Poison         3
   Alistair's Intoxication            Transmutation/Poison         4
   Olgreb's Toxic Radiance            Poison                       4
   Poisonous Cloud                    Conjuration/Poison/Air       6


   Skills:
 + Level 8.4 Fighting
 + Level 7.3 Dodging
 + Level 8.5 Unarmed Combat
 + Level 7.6 Spellcasting
 + Level 7.9 Transmutations


You had 12 spell levels left.
You knew the following spells:

 Your Spells              Type           Power        Failure   Level  Hunger
a - Beastly Appendage     Trmt           ####..       1%          1    None
b - Blade Hands           Trmt           ####......   17%         5    #####..
i - Ice Form              Ice/Trmt       ###.....     30%         4    ####...
s - Spider Form           Trmt/Pois      ###.......   10%         3    ##.....


Dungeon Overview and Level Annotations

Branches:
Dungeon (10/15)            Temple (1/1) D:6            Lair (1/8) D:8
    Orc: D:9-12

Altars:
Ashenzari
Cheibriados
Dithmenos
Elyvilon
Fedhas
Kikubaaqudgha
Makhleb
Nemelex Xobeh
Okawaru
Qazlal
Sif Muna
Trog
Vehumet
Xom
Yredelemnul
Zin
The Shining One

Annotations:
D:4 Miyamura's ghost, average DrTm


Innate Abilities, Weirdness & Mutations

((You can spit globs of burning liquid.))
((You can ignite nearby creatures when you spit burning liquid.))
((Your weird mottled scales are hard (AC +7).))
Your body does not fit into most forms of armour.
((Your cold-blooded metabolism reacts poorly to cold.))


Message History

The six-headed hydra bites you but does no damage.
The six-headed hydra barely misses you. The six-headed hydra bites you.
The six-headed hydra bites you! The six-headed hydra misses you.
The six-headed hydra closely misses you.
You pummel the six-headed hydra!! You freeze the six-headed hydra.
The six-headed hydra is heavily wounded.
You barely miss the six-headed hydra.
The six-headed hydra is heavily wounded.
The six-headed hydra bites you! x2
The six-headed hydra closely misses you.
The six-headed hydra bites you!
* * * LOW HITPOINT WARNING * * *
The six-headed hydra bites you!
* * * LOW HITPOINT WARNING * * *
The six-headed hydra bites you.
* * * LOW HITPOINT WARNING * * *
The six-headed hydra bites you!
* * * LOW HITPOINT WARNING * * *
The six-headed hydra misses you. The six-headed hydra bites you!
You die...

###..........####
#.# #
##...#...$..#.#
#.##
###...####......##
#####.P# ##....#
#..##...###.#...##
..#..##
#..###...#...#P##
.....# #.>#
##......####
.....# #..
#.#...### ###..#
#.. ##...## #..P#
. ##.Y.# #....#
#.D.## ##..#.
##....# #....
##....##
#......##.....#
..............#
.####......#...#
##.$.####.....
#..## ##....


You could see a six-headed hydra.

Vanquished Creatures
  Harold (Lair:1)
  A two-headed ogre (D:9)
  Prince Ribbit (D:7)
  A troll (D:8)
  4 wyverns
  2 hill giant zombies
  A deep elf mage (D:9)
  2 hippogriffs
  Edmund (D:4)
  2 wolves
  A water moccasin (D:7)
  2 necrophages
  2 black bears
  An orc warrior (D:9)
  3 sky beasts
  2 phantoms
  3 ice beasts
  12 ogres
  2 centaurs
  Duvessa (D:5)
  6 giant frogs
  6 jellies
  5 scorpions
  10 killer bees
  3 electric eels (D:8)
  A troll skeleton (D:9)
  2 yak skeletons
  A centaur zombie (D:9)
  A giant frog zombie (D:8)
  4 orc priests
  A giant frog skeleton (D:7)
  Dowan (D:5)
  2 goliath beetles (D:7)
  9 crimson imps
  A gnoll shaman (D:9)
  6 hounds
  4 orc wizards
  2 iguanas
  7 worker ants
  Ijyb (D:4)
  Terence (D:2)
  11 gnolls
  5 green rats
  14 adders
  An orc skeleton (D:6)
  A shadow imp (D:8)
  An orc zombie (D:7)
  2 giant mites
  4 worms
  An iguana skeleton (D:8)
  3 giant geckos
  3 oozes (Sewer)
  29 orcs
  12 bats
  A bat skeleton (D:4)
  11 giant cockroaches
  20 hobgoblins
  11 kobolds
  5 quokkas
  13 ball pythons
  9 giant newts
  2 giant spores
  18 goblins
  2 hobgoblin zombies (D:8)
  2 jackals (D:8)
  A kobold skeleton (D:6)
  A kobold zombie (D:7)
  44 rats
  19 ballistomycetes
365 creatures vanquished.

Vanquished Creatures (others)
  A hippogriff (D:7)
  2 jellies (D:7)
  A ballistomycete (D:8)
4 creatures vanquished.

Grand Total: 369 creatures vanquished

Notes
Turn   | Place    | Note
--------------------------------------------------------------
     0 | D:1      | Miyamura, the Draconian Transmuter, began the quest for the Orb.
     0 | D:1      | Reached XP level 1. HP: 16/16 MP: 3/3
   367 | D:1      | Reached XP level 2. HP: 21/23 MP: 4/4
  1025 | D:2      | Found an iron altar of Okawaru.
  1043 | D:2      | Reached XP level 3. HP: 23/28 MP: 6/6
  1100 | D:2      | Learned a level 3 spell: Spider Form
  1704 | D:2      | Noticed Terence
  2053 | D:2      | Reached XP level 4. HP: 36/36 MP: 6/8
  2068 | D:2      | Learned a level 4 spell: Ice Form
  2175 | D:2      | Killed Terence
  2913 | D:3      | Found a blossoming altar of Fedhas.
  2972 | D:3      | Reached XP level 5. HP: 20/42 MP: 6/10
  3847 | D:4      | Found a glowing drain.
  3860 | Sewer    | Entered a sewer
  4234 | Sewer    | Reached skill level 4 in Unarmed Combat
  4486 | Sewer    | Reached XP level 6. HP: 51/51 MP: 13/13
  5232 | D:4      | Noticed Miyamura's ghost (average DrTm)
  5499 | D:4      | Found a shimmering altar of Xom.
  5570 | D:4      | Your scales start taking on a weird mottled pattern.
  5570 | D:4      | Reached XP level 7. HP: 57/57 MP: 12/15
  5851 | D:4      | Noticed Edmund
  5880 | D:4      | Killed Edmund
  6082 | D:4      | Noticed Ijyb
  6112 | D:4      | Killed Ijyb
  6219 | D:5      | Entered Level 5 of the Dungeon
  6274 | D:5      | Reached skill level 5 in Unarmed Combat
  6493 | D:5      | Noticed Dowan
  6503 | D:5      | Killed Dowan
  6503 | D:5      | Reached XP level 8. HP: 67/67 MP: 15/18
  6520 | D:5      | Noticed Duvessa
  6550 | D:5      | Killed Duvessa
  7318 | D:5      | Found a bloodstained altar of Trog.
  7318 | D:5      | Found a glowing silver altar of Zin.
  7352 | D:6      | Found a staircase to the Ecumenical Temple.
  7372 | Temple   | Entered the Ecumenical Temple
  7485 | D:6      | Reached skill level 5 in Fighting
  7815 | D:6      | Reached skill level 5 in Transmutations
  8468 | D:6      | Reached skill level 5 in Spellcasting
  8765 | D:7      | Found a sparkling altar of Nemelex Xobeh.
  8844 | D:7      | Noticed Prince Ribbit
  9137 | D:7      | Reached skill level 6 in Unarmed Combat
  9137 | D:7      | Reached XP level 9. HP: 33/70 MP: 18/21
  9406 | D:7      | Reached skill level 5 in Dodging
  9996 | D:7      | Killed Prince Ribbit
 11007 | D:8      | Found a staircase to the Lair.
 11299 | D:8      | Reached skill level 7 in Unarmed Combat
 11588 | D:8      | Reached XP level 10. HP: 68/79 MP: 22/24
 14910 | D:8      | Learned a level 5 spell: Blade Hands
 15573 | D:9      | Reached skill level 8 in Fighting
 15897 | D:9      | Found a burning altar of Makhleb.
 15910 | D:9      | Became a worshipper of Makhleb the Destroyer
 16355 | D:10     | Entered Level 10 of the Dungeon
 16790 | D:10     | HP: 4/83 [something (11)]
 16796 | D:10     | Noticed a green ugly thing
 16800 | D:10     | HP: 4/83 [poisoned by a green ugly thing]
 16817 | D:10     | HP: 4/83 [hill giant zombie (17)]
 16838 | D:10     | Reached XP level 11. HP: 27/89 MP: 20/26
 17290 | Lair:1   | Entered Level 1 of the Lair of Beasts
 17472 | Lair:1   | Noticed Harold
 17487 | Lair:1   | Killed Harold
 18103 | Lair:1   | Noticed a six-headed hydra
 18120 | Lair:1   | Mangled by a six-headed hydra

Action                   |  1- 3 |  4- 6 |  7- 9 | 10-12 || total
-------------------------+-------+-------+-------+-------++-------
Melee: Unarmed           |   149 |   386 |   555 |   508 ||  1598
 Cast: Beastly Appendage |     6 |     3 |     3 |       ||    12
       Spider Form       |     1 |    16 |    35 |    14 ||    66
       Blade Hands       |       |       |       |    12 ||    12
       Ice Form          |       |       |       |     2 ||     2
 Abil: End Transformatio |       |     1 |       |       ||     1
       Breathe Sticky Fl |       |       |     3 |     4 ||     7
Evoke: Wand              |       |     2 |     7 |     8 ||    17
  Use: Scroll            |     1 |     6 |    13 |     7 ||    27
       Potion            |       |       |     7 |     5 ||    12
 Stab: Sleeping          |     1 |     1 |     2 |     1 ||     5
       Confused          |       |       |       |     1 ||     1
  Eat: Chunk             |     3 |    12 |    17 |    19 ||    51
       Pizza             |       |     1 |     1 |     1 ||     3
       Beef jerky        |       |     1 |     1 |     4 ||     6
       Meat ration       |       |       |     1 |       ||     1
